 Dungeon Crawl Stone Soup version 0.28.0-47-ge53b351184 (webtiles) character file.

Game seed: 17778154804114472228

12599 CryoSword the Grappler (level 9, -5/84 HPs)
             Began as a Ghoul Monk on May 8, 2022.
             Was a Believer of Ru.
             Slain by a freezing wraith (8 damage)
             ... on level 10 of the Dungeon.
             The game lasted 00:24:07 (15039 turns).

CryoSword the Grappler (Ghoul Monk)                Turns: 15039, Time: 00:24:07

Health: -5/84      AC: 20    Str: 22    XL:     9   Next: 95%
Magic:  8/8        EV:  9    Int:  9    God:    Ru [**....]
Gold:   359        SH:  0    Dex: 11    Spells: 8/8 levels left

rFire   . . .      SeeInvis +     - Unarmed
rCold   + . .      Faith    .   (no shield)
rNeg    + + +      Spirit   .   w - +4 plate armour
rPois   ∞          Reflect  .   e - +0 hat
rElec   .          Harm     .   k - +1 cloak
rCorr   .          Rampage  .   (no gloves)
Will    .....                   l - +0 pair of boots
Stlth   ..........              (no amulet)
HPRegen 0.00/turn               r - ring of see invisible
MPRegen 0.11/turn               o - +6 ring of strength

@: inhibited regen, slowed, very slow
A: claws 1, cold resistance 1, negative energy resistance 3, inhibited
regeneration, torment resistance 2, no stealth, inexperienced 1
a: Renounce Religion


You were on level 10 of the Dungeon.
You worshipped Ru.
Ru was pleased with you.
You visited 2 branches of the dungeon, and saw 11 of its levels.

You collected 584 gold pieces.
You spent 225 gold pieces at shops.

Inventory:

Missiles
 d - 6 silver javelins
 v - 4 poisoned darts
 x - 2 boomerangs
Armour
 e - a +0 hat (worn)
   (You found it on level 4 of the Dungeon)
 f - a +0 pair of gloves
   (You found it on level 6 of the Dungeon)
 k - a +1 cloak (worn)
   (You found it on level 2 of the Dungeon)
 l - a +0 pair of boots (worn)
   (You found it on level 5 of the Dungeon)
 w - a +4 plate armour (worn)
   (You found it on level 9 of the Dungeon)
Jewellery
 a - a ring of magical power
   (You found it on level 1 of the Dungeon)
 c - a ring of protection from fire
   (You found it on level 10 of the Dungeon)
 o - a +6 ring of strength (right claw)
   (You found it on level 5 of the Dungeon)
 r - a ring of see invisible (left claw)
   (You took it off an orc on level 9 of the Dungeon)
 t - a ring of resist corrosion
   (You took it off an orc on level 8 of the Dungeon)
Wands
 i - a wand of iceblast (11)
   (You found it on level 6 of the Dungeon)
 n - a wand of flame (25) (quivered)
   (You found it on level 6 of the Dungeon)
 p - a wand of charming (4)
   (You found it on level 6 of the Dungeon)
Scrolls
 g - a scroll of brand weapon {unknown}
 h - a scroll of blinking
 j - a scroll of teleportation {unknown}
 u - a scroll of enchant armour
Potions
 m - 3 potions of attraction {!q}
 q - 3 potions of curing {@q1}


   Skills:
 + Level 9.5 Fighting
 + Level 7.3 Armour
 + Level 7.9 Dodging
 * Level 13.5 Unarmed Combat


You had 8 spell levels left.
You didn't know any spells.
Your spell library contained the following spells:

 Spells                   Type           Power      Damage    Failure   Level
 Animate Skeleton         Necr           0%         N/A       100%        1
 Pain                     Necr           0%         1d4       100%        1
 Tukima's Dance           Hex            0%         N/A       100%        3
 Vampiric Draining        Necr           0%         2d6       100%        3
 Anguish                  Hex/Necr       0%         N/A       100%        4
 Enfeeble                 Hex            0%         N/A       100%        7


Dungeon Overview and Level Annotations

Branches:
Dungeon (10/15)            Temple (1/1) D:4            Lair (0/6) D:10
    Orc: D:9-12

Altars:
Ashenzari
Cheibriados
Dithmenos
Elyvilon
Fedhas
Gozag
Hepliaklqana
Kikubaaqudgha
Makhleb
Nemelex Xobeh
Okawaru
Qazlal
Ru
Sif Muna
Trog
Uskayaw
Vehumet
Wu Jian
Xom
Yredelemnul
Zin
The Shining One

Shops:
D:7 *[[

Annotations:
D:10 3 runed translucent doors, crawlogic's ghost, novice MiBe


Innate Abilities, Weirdness & Mutations

You thrive by killing the living.
You are immune to poison.
You have sharp fingernails.
Your flesh is cold resistant. (rC+)
You are immune to negative energy. (rN+++)
You do not regenerate when monsters are visible.
You are immune to unholy pain and torment.
You cannot be stealthy.
You are somewhat inexperienced. (-2 XL)


Message History

Items here: ))) [[.
You scratch the yak but do no damage. The yak barely misses you.
You claw the death yak! The death yak closely misses you.
The yak closely misses you.
You barely miss the death yak. The death yak gores you!
You scratch the death yak but do no damage.
The yak gores you but does no damage.
Things that are here:
a +0 plate armour; a +0 battleaxe You scratch the death yak but do no damage.
The death yak closely misses you.
You claw the death yak! The death yak gores you!
You claw the death yak! You claw the death yak.
You scratch the death yak but do no damage.
The death yak gores you but does no damage.
You scratch the death yak but do no damage.
You claw the death yak. The death yak barely misses you.
You completely miss the death yak. You barely miss the death yak.
The death yak barely misses you.
You barely miss the death yak. The death yak gores you!!
* * * LOW HITPOINT WARNING * * *
You mangle the death yak!! The death yak gores you!
* * * LOW HITPOINT WARNING * * *
You scratch the death yak but do no damage.
You scratch the death yak. The death yak barely misses you.
You scratch the death yak. The death yak gores you!
* * * LOW HITPOINT WARNING * * *
You are confused.
You feel invigorated. The death yak gores you!
* * * LOW HITPOINT WARNING * * *
You claw the death yak! x2
The death yak closely misses you.
You bump into the rock wall.
The death yak barely misses you.
You bump into the rock wall.
The death yak gores you but does no damage.
You bump into the rock wall.
The death yak barely misses you.
There is a stone staircase leading up here.
You bump into the rock wall.
You completely miss the death yak.
You feel less invigorated.
You feel less confused.
The death yak gores you but does no damage.
You claw the death yak! The death yak gores you!
* * * LOW HITPOINT WARNING * * *
You claw the death yak!
You kill the death yak!
You feel better. The yak barely misses you.
You barely miss the yak. The yak gores you.
* * * LOW HITPOINT WARNING * * *
You scratch the yak but do no damage.
You redirect the yak's attack!
The yak gores itself!
You barely miss the yak. The yak gores you but does no damage.
You mangle the yak!!
You kill the yak!
You feel better.
You start resting.
You start resting.
Unknown command.
Things that are here:
a +0 plate armour; a +0 battleaxe
Items here: ))) [[.
Things that are here:
a +0 giant spiked club; a +0 giant club Grum growls angrily.
Grum is nearby!
Grum is nearby!
Grum is nearby!
Grum barely misses you. Grum barely misses you.
You claw Grum! Your claw misses Grum. Grum hits you but does no damage.
You claw Grum! Grum hits you but does no damage.
You mangle Grum!!
You kill Grum!
You barely miss the wolf. The wolf closely misses you.
You claw the wolf! The wolf bites you!
You scratch the wolf but do no damage. The wolf closely misses you.
The wolf bites you but does no damage.
You scratch the wolf. The wolf bites you.
You closely miss the wolf. The wolf bites you.
You barely miss the wolf. The wolf barely misses you.
You closely miss the wolf. The wolf bites you but does no damage.
The wolf bites you.
You claw the wolf!
You kill the wolf!
You now have 359 gold pieces (gained 49).
Items here: ) ? [ †.
A wolf is nearby!
A wolf is nearby!
A wolf is nearby!
A wolf is nearby!
The wolf howls!
The wolf bites you but does no damage. The wolf barely misses you.
You scratch the wolf. The wolf bites you but does no damage.
You claw the wolf!
The wolf bites you but does no damage. x2
You barely miss the wolf. The wolf bites you but does no damage.
You barely miss the wolf. The wolf closely misses you.
You claw the wolf!
You kill the wolf!
You feel better.
You claw the freezing wraith!
The freezing wraith hits you but does no damage.
The freezing wraith hits you. The freezing wraith drains your vigour!
You feel yourself slow down.
You scratch the freezing wraith but do no damage.
The freezing wraith hits you. The freezing wraith freezes you. You resist.
The freezing wraith hits you but does no damage.
You closely miss the freezing wraith.
The freezing wraith hits you but does no damage.
The freezing wraith barely misses you.
You scratch the freezing wraith.
You claw the freezing wraith, but do no damage.
The freezing wraith hits you! The freezing wraith freezes you! You resist.
The freezing wraith hits you!
You scratch the freezing wraith.
The freezing wraith hits you but does no damage. x2
You scratch the freezing wraith but do no damage.
Your claw misses the freezing wraith.
The freezing wraith hits you but does no damage. x2
The freezing wraith hits you. The freezing wraith freezes you. You resist.
* * * LOW HITPOINT WARNING * * *
The freezing wraith hits you but does no damage.
You scratch the freezing wraith but do no damage.
The freezing wraith hits you.
* * * LOW HITPOINT WARNING * * *
The freezing wraith freezes you! You resist.
* * * LOW HITPOINT WARNING * * *
The freezing wraith hits you.
* * * LOW HITPOINT WARNING * * *
The freezing wraith drains your vigour!
You feel as though you will be slow longer.
You scratch the freezing wraith.
The freezing wraith hits you but does no damage.
The freezing wraith barely misses you. The freezing wraith hits you!
* * * LOW HITPOINT WARNING * * *
The freezing wraith freezes you. You resist.
* * * LOW HITPOINT WARNING * * *
The freezing wraith closely misses you.
Items here: ) ? [ †.
Aim: a freezing wraith (heavily damaged, 68% to hit)
The puff of flame hits the freezing wraith but does no damage.
The freezing wraith hits you but does no damage. x2
The freezing wraith is stunned by your conviction and fails to attack.
Aim: a freezing wraith (heavily damaged, 68% to hit)
The puff of flame hits the freezing wraith but does no damage.
The freezing wraith hits you.
* * * LOW HITPOINT WARNING * * *
The freezing wraith freezes you! You resist.
You die...

....#.###...# #..# ..#
#####g# #.<.###..# W.#
#.###...(.#..##..#
##.#...........#
#.g............#
#...........##.#
#.............##
####..........##W#
.>.......#....##@#
###...........##.# ###
#.....>.....##.# #.#
##..........##.#
#.########### ##....#....##.#
#.#.........#
#........###.####.#.#########
#........# #........#
#####........# ######)#[#
....#####...#########.#[#


You could see a freezing wraith.

Vanquished Creatures
  3 two-headed ogres
  2 death yaks
  An ugly thing (D:10)
  Pikel (D:3)
  3 centaur zombies (D:10)
  A troll (D:9)
  A hornet (D:9)
  Prince Ribbit (D:8)
  Grinder (D:5)
  8 yaks
  A shadow (D:8)
  2 wyverns
  A steam dragon (D:9)
  Eustachio (D:5)
  Grum (D:10)
  4 vampire mosquitoes
  Edmund (D:5)
  3 water moccasins
  4 orc warriors
  2 ice beasts
  2 black bears
  3 necrophages
  3 wolves (D:10)
  2 ogres
  3 centaurs
  3 lemures (D:3)
  4 bullfrogs
  3 gnoll sergeants (D:5)
  A water moccasin zombie (D:5)
  A scorpion (D:6)
  4 killer bees (D:9)
  5 wights
  6 howler monkeys
  5 hounds
  A bullfrog skeleton (D:5)
  Crazy Yiuf (D:5)
  4 orc priests
  2 centaur skeletons (D:4)
  2 gnoll shamans (D:5)
  Terence (D:3)
  3 iguanas
  Natasha (thrice) (D:2)
  8 orc wizards
  2 hound skeletons (D:4)
  4 howler monkey zombies
  12 gnolls
  13 adders
  2 adder skeletons (D:4)
  A worm (D:2)
  2 dart slugs
  41 orcs
  9 ball pythons
  5 endoplasms
  A giant cockroach (D:4)
  10 goblins
  13 hobgoblins
  3 jackals (D:4)
  2 quokkas
  4 bats
  7 frilled lizards
  14 kobolds
  10 rats
267 creatures vanquished.

Vanquished Creatures (collateral kills)
  A yak (D:8)
1 creature vanquished.

Vanquished Creatures (others)
  A yak (D:8)
  3 wights
4 creatures vanquished.

Grand Total: 272 creatures vanquished

Notes
Turn   | Place    | Note
-------+----------+-------------------------------------------
     0 | D:1      | CryoSword the Ghoul Monk began the quest for the Orb.
     0 | D:1      | Reached XP level 1. HP: 19/19 MP: 0/0
   297 | D:1      | Reached XP level 2. HP: 16/26 MP: 1/1
   299 | D:1      | Reached skill level 4 in Unarmed Combat
   755 | D:1      | Reached XP level 3. HP: 26/31 MP: 2/2
  1413 | D:2      | Reached skill level 5 in Unarmed Combat
  1571 | D:2      | Found a faded altar of an unknown god.
  1712 | D:1      | Reached XP level 4. HP: 38/38 MP: 3/3
  2278 | D:2      | Reached skill level 6 in Unarmed Combat
  2278 | D:2      | Reached XP level 5. HP: 45/45 MP: 4/4
  2611 | D:2      | Noticed Natasha
  2617 | D:2      | Killed Natasha
  2734 | D:2      | Noticed Natasha
  2742 | D:2      | Killed Natasha
  2743 | D:2      | Reached skill level 7 in Unarmed Combat
  2784 | D:2      | Reached XP level 6. HP: 51/51 MP: 5/5
  2792 | D:2      | Noticed Natasha
  2804 | D:2      | Killed Natasha
  3128 | D:3      | Noticed Terence
  3143 | D:3      | Killed Terence
  4171 | D:4      | Noticed Pikel
  4583 | D:4      | Reached skill level 1 in Armour
  4709 | D:4      | Reached XP level 7. HP: 31/58 MP: 6/6
  5092 | D:4      | Found a staircase to the Ecumenical Temple.
  5100 | Temple   | Entered the Ecumenical Temple
  5464 | D:4      | You fall into a shaft and drop 3 floors!
  5687 | D:6      | Reached skill level 8 in Unarmed Combat
  5793 | D:6      | Noticed Grinder
  5799 | D:5      | Entered Level 5 of the Dungeon
  5854 | D:4      | Reached XP level 8. HP: 63/67 MP: 7/7
  6004 | D:3      | Killed Pikel
  6005 | D:3      | Reached skill level 5 in Fighting
  6168 | D:5      | Noticed Eustachio
  6200 | D:5      | Killed Eustachio
  6201 | D:5      | Reached skill level 9 in Unarmed Combat
  6436 | D:5      | Reached XP level 9. HP: 48/75 MP: 8/8
  6583 | D:5      | Reached skill level 5 in Dodging
  6970 | D:5      | Noticed Edmund
  7119 | D:5      | Found a runed translucent door.
  7120 | D:5      | Noticed Crazy Yiuf
  7394 | D:5      | Killed Edmund
  7672 | D:5      | Killed Crazy Yiuf
  7782 | D:5      | Killed Grinder
  7830 | D:6      | Identified the +1 leather armour of the World {rF+ Dex+5}
  7847 | D:6      | Found a hide-covered altar of Uskayaw.
  7847 | D:6      | Found an opulent altar of Gozag.
  8061 | D:6      | Reached skill level 10 in Unarmed Combat
  8759 | D:7      | Found Tengoura's Antique Armour Boutique.
  8791 | D:7      | Reached skill level 5 in Armour
  8796 | D:7      | Reached XP level 10. HP: 86/86 MP: 9/9
  8929 | D:7      | Found Ziota's Armour Emporium.
  9026 | D:7      | Found Onkaxt's General Store.
  9034 | D:7      | Bought a potion of heal wounds for 75 gold pieces
  9034 | D:7      | Bought a wand of iceblast (6) for 150 gold pieces
  9052 | D:7      | Found a sacrificial altar of Ru.
  9214 | D:7      | Became a worshipper of Ru the Awakened
  9232 | D:7      | Gained mutation: You are somewhat inexperienced. (-2 XL)
                  | [Ru sacrifice]
  9232 | D:7      | Reached XP level 9. HP: 79/79 MP: 17/17
  9232 | D:7      | Reached XP level 8. HP: 73/73 MP: 16/16
  9232 | D:7      | Reached * piety under Ru
  9232 | D:7      | Reached ** piety under Ru
  9864 | D:8      | Noticed a two-headed ogre
 10308 | D:8      | Found a snail-covered altar of Cheibriados.
 10327 | D:8      | Reached skill level 5 in Stealth
 10327 | D:8      | Reached skill level 11 in Unarmed Combat
 10372 | D:8      | Killed a two-headed ogre
 10435 | D:8      | Found an ancient bone altar of Kikubaaqudgha.
 10767 | D:9      | Noticed Prince Ribbit
 10791 | D:8      | Killed Prince Ribbit
 11152 | D:9      | Noticed a two-headed ogre
 11319 | D:9      | Noticed a two-headed ogre
 11599 | D:9      | Killed a two-headed ogre
 11625 | D:9      | Reached skill level 12 in Unarmed Combat
 11625 | D:9      | Reached XP level 9. HP: 59/81 MP: 8/8
 12137 | D:10     | Entered Level 10 of the Dungeon
 12514 | D:10     | Found a runed translucent gate.
 12514 | D:10     | Found a runed translucent gate.
 12514 | D:10     | Found a runed translucent gate.
 12514 | D:10     | Noticed crawlogic's ghost (novice MiBe)
 12588 | D:10     | Noticed a death yak
 13622 | D:10     | Gained mutation: You cannot be stealthy. [Ru sacrifice]
 13650 | D:10     | Noticed a two-headed ogre
 13654 | D:10     | Killed a two-headed ogre
 13682 | D:10     | Noticed a death yak
 13685 | D:10     | Noticed a death yak
 13685 | D:10     | Noticed Grum
 13741 | D:9      | Killed a death yak
 13742 | D:9      | Reached skill level 13 in Unarmed Combat
 13985 | D:10     | Found a staircase to the Lair.
 14062 | D:10     | Noticed a cyan ugly thing
 14167 | D:10     | Killed a cyan ugly thing
 14679 | D:10     | HP: 1/83 [death yak (14)]
 14690 | D:10     | Killed a death yak
 14962 | D:10     | Killed Grum
 15039 | D:10     | HP: 3/84 [freezing wraith (5)]
 15039 | D:10     | Slain by a freezing wraith

Illustrated notes

Levels and vault maps discovered:
D:1:      dpeg_arrival_simpleton_a, layout_basic, kennysheep_small_spiral,
          minmay_surrounded
D:2:      layout_basic, dreamdust_ecumenical_altar_angels_and_demons,
          nrook_campfire, grunt_ministairs_10, minmay_heptomino_h4, uniq_natasha
D:3:      layout_loops_corners, kennysheep_generic_room_3, uniq_terence
D:4:      layout_gridville, minmay_temple_entry_ruins, hangedman_decor_lopped,
          minmay_pentangle, uniq_pikel
D:5:      layout_cave_pools, serial_gnoll_camp, gnoll_camp_mini_hut,
          gnoll_camp_mini_hut, gnoll_camp_mini_house, gnoll_camp_mini_hut,
          gnoll_camp_mini_basic, gnoll_camp_mini_hut, uniq_eustachio,
          uniq_edmund, uniq_crazy_yiuf_cottage
D:6:      layout_basic, mainiacjoe_overflow_small_starburst,
          gammafunk_temple_overflow_wave, uniq_grinder
D:7:      layout_loops_ring, nicolae_ru_awakened_eye, serial_shops,
          nicolae_shop_stone, nicolae_shop_waterfront, kennysheep_little_box
D:8:      layout_loops_ring, kiku_gazebo_pond_becter,
          mainiacjoe_overflow_alcove_1
D:9:      layout_rooms, uniq_prince_ribbit1
D:10:     minmay_sliced_demisemicircle, layout_loops_ring, dpeg_lair_monsters,
          gammafunk_ghost_split, uniq_grum
Temple:   regret_index_temple_sphere_string

Skill      XL: |  1  2  3  4  5  6  7  8  9 |
---------------+----------------------------+-----
Unarmed Combat | 4 5 6 7 8 12 13 | 13.5
Armour         | 1 2 6 7 |  7.3
Dodging        | 3 6 7 |  7.9
Fighting       | 4 8 9 |  9.5
Stealth        | 5 0 |  0.0

Action                   |  1- 3 |  4- 6 |  7- 9 | 10-12 || total
-------------------------+-------+-------+-------+-------++-------
Melee: Unarmed           |   123 |   227 |   715 |    20 ||  1085
       Punch             |     1 |     9 |    46 |     2 ||    58
Throw: Javelin           |       |       |     5 |       ||     5
       Dart              |       |       |     2 |       ||     2
Invok: Sacrifice Experie |       |       |     1 |       ||     1
       Sacrifice Stealth |       |       |     1 |       ||     1
Evoke: Wand              |       |       |    15 |       ||    15
  Use: Scroll            |       |     6 |     5 |     1 ||    12
       Potion            |       |     3 |     6 |       ||     9
 Stab: Sleeping          |     3 |     1 |       |       ||     4
       Distracted        |       |     1 |     1 |       ||     2
Armor: Leather armour    |    29 |    33 |       |       ||    62
       Robe              |     1 |       |       |       ||     1
       Chain mail        |       |    79 |   264 |     7 ||   350
       Plate armour      |       |       |   139 |       ||   139
Dodge: Dodged            |    64 |   107 |   329 |    11 ||   511
